[Event "Team 45 45 League 2006 Invitational"]
[Site "Internet Chess Club"]
[Date "2006.11.15"]
[Round "3"]
[White "Tomate"]
[Black "curtintime"]
[Result "0-1"]
[WhiteElo "1444"]
[BlackElo "1361"]
[TimeControl "2700+45"]

1. e4 e5 2. Nf3 Nc6 3. Bb5 a6 4. Ba4 b5 5. Bb3 Nf6 6. O-O d5 7. exd5 Nxd5 8. d3 Be6 9. Re1 Bd6 10. Nbd2 O-O 11. Ne4 Qd7 12. Be3 Na5 13. Nc5 Qe7 14. Nxe6 Qxe6 15. Bd4 Nxb3 16. axb3 f6 17. c4 Qg4 18. Bc3 Nf4 19. g3 Qh3 20. gxf4 e4 21. dxe4 Bxf4 22. Bd2 Rad8 23. Qe2 Rxd2 24. Nxd2 Qxh2+ 25. Kf1 Qh1# {White checkmated} 0-1

[Event "Team 45 45 League 2006 Invitational"]
[Site "Internet Chess Club"]
[Date "2006.11.16"]
[Round "3"]
[White "guyd52"]
[Black "Havoc"]
[Result "0-1"]
[WhiteElo "1308"]
[BlackElo "1565"]
[TimeControl "2700+45"]

1. Nf3 c5 2. g3 g6 3. Bg2 Bg7 4. d3 Nf6 5. O-O O-O 6. e4 e5 7. Nxe5 d6 8. Nf3 Re8 9. Nbd2 Nc6 10. b3 d5 11. Re1 dxe4 12. Ng5 Bg4 13. f3 Qd4+ 14. Kh1 exf3 15. Rb1 fxg2+ 16. Kxg2 Bxd1 {White resigns} 0-1

[Event "Team 45 45 League 2006 Invitational"]
[Site "Internet Chess Club"]
[Date "2006.11.16"]
[Round "3"]
[White "Spirou"]
[Black "TheBrewer"]
[Result "1/2-1/2"]
[WhiteElo "1684"]
[BlackElo "1625"]
[TimeControl "2700+45"]

1. e4 e6 2. d4 d5 3. Nc3 dxe4 4. Nxe4 Bd7 5. Nf3 Bc6 6. Bd3 Nd7 7. Qe2 Ngf6 8. O-O Be7 9. c4 Nxe4 10. Bxe4 Bxe4 11. Qxe4 c6 12. Qg4 Bf6 13. Be3 O-O 14. Rfd1 Nb6 15. b3 Qe7 16. Ng5 Rad8 17. Ne4 e5 18. Nxf6+ Qxf6 19. Bg5 Qg6 20. Qh4 Rxd4 21. Rxd4 exd4 22. Rd1 c5 23. h3 Qc2 24. Qg4 Qg6 25. Qf4 Re8 26. Qd2 Qe6 27. Kf1 Nd7 28. Re1 Qxe1+ 29. Qxe1 Rxe1+ 30. Kxe1 Kf8 31. Kd2 f6 32. Bf4 Ke7 33. Kd3 Ne5+ 34. Ke4 Ke6 35. Bxe5 fxe5 36. g4 g5 37. a4 a6 38. Kd3 b6 39. Ke4 h6 40. Kd3 e4+ 41. Kxe4 Kf6 42. f3 a5 43. f4 gxf4 44. Kxf4 d3 45. Ke3 Kg5 46. Kxd3 Kh4 47. Ke4 Kxh3 48. Kf5 Kh4 49. Kf4 Kh3 50. g5 hxg5+ 51. Kxg5 Kg3 52. Kf5 Kf3 53. Ke5 Ke3 54. Kd5 Kd3 55. Kc6 Kc3 56. Kxb6 Kxb3 57. Kxc5 Kxa4 58. Kb6 Kb4 59. c5 a4 60. c6 a3 61. c7 a2 62. c8=Q a1=Q 63. Qc5+ Kb3 64. Qd5+ Kb4 65. Qb5+ Ka3 66. Qa5+ Kb2 67. Qb4+ Ka2 68. Qc4+ Kb2 69. Kb5 Qb1 70. Qb4+ Ka2 71. Qxb1+ Kxb1 {Game drawn because neither player has mating material} 1/2-1/2

[Event "Team 45 45 League 2006 Invitational"]
[Site "Internet Chess Club"]
[Date "2006.11.16"]
[Round "3"]
[White "Rubacchus"]
[Black "carolinaknight"]
[Result "1-0"]
[WhiteElo "1371"]
[BlackElo "1151"]
[TimeControl "2700+45"]

1. e4 e6 2. Nc3 c5 3. Nf3 d5 4. d4 Nc6 5. exd5 exd5 6. Bf4 Qb6 7. Nxd5 Qxb2 8. Nc7+ Kd8 9. dxc5+ Bd7 10. Nxa8 Bxc5 11. Rb1 Bb4+ 12. Bd2 Bxd2+ 13. Nxd2 Qe5+ 14. Qe2 Qb8 15. Qb5 b6 16. Nxb6 Nf6 17. Nxd7 Re8+ 18. Be2 Nxd7 19. Qg5+ f6 20. Rxb8+ Ndxb8 {Black resigns} 1-0

[Event "Team 45 45 League 2006 Invitational"]
[Site "Internet Chess Club"]
[Date "2006.11.16"]
[Round "3"]
[White "chiiwen"]
[Black "Warpdrive"]
[Result "1-0"]
[WhiteElo "1775"]
[BlackElo "1567"]
[TimeControl "2700+45"]

1. e4 c6 2. d4 d5 3. Nc3 dxe4 4. Nxe4 Bf5 5. Ng3 Bg6 6. Nf3 h6 7. Bc4 e6 8. Ne5 Ne7 9. O-O Nd7 10. Nxg6 Nxg6 11. Qd3 Nb6 12. Bxe6 fxe6 13. Qxg6+ Kd7 14. Re1 Qf6 15. Qd3 Bd6 16. Ne4 Qe7 17. Nxd6 Qxd6 18. c4 Qb4 19. Bd2 Qxc4 20. Qg6 Nc8 21. b3 Qd5 22. Rad1 Ne7 23. Qg4 Qf5 24. Qxg7 Rag8 25. Qe5 Qxe5 26. Rxe5 Nd5 27. Rde1 Rg6 28. g3 Rf8 29. R5e4 Rf3 30. Rh4 Rff6 31. Kf1 Ne7 32. a4 a6 33. Rf4 Nd5 34. Rxf6 Nxf6 35. h4 Nd5 36. Re5 Ne7 37. Ke2 Ng8 38. h5 Rg4 39. Bf4 Kd6 40. f3 Rg7 41. Rg5+ {Black resigns} 1-0

[Event "Team 45 45 League 2006 Invitational"]
[Site "Internet Chess Club"]
[Date "2006.11.16"]
[Round "3"]
[White "JustinZ"]
[Black "Just-Jim"]
[Result "0-1"]
[WhiteElo "1270"]
[BlackElo "1482"]
[TimeControl "2700+45"]

1. e4 c5 2. d4 cxd4 3. c3 dxc3 4. Nxc3 e5 5. Nf3 Nc6 6. Bc4 h6 7. Bxf7+ Kxf7 8. Nxe5+ Nxe5 9. Qd5+ Ke8 10. Qxe5+ Qe7 11. Qxe7+ Bxe7 12. Nd5 Bd6 13. O-O Kf7 14. f4 Ne7 15. e5 Bc5+ 16. Be3 Nxd5 17. Bxc5 b6 18. Bd4 Rf8 19. Rad1 Nb4 20. a3 Nc6 21. Bc3 a5 22. f5 Kg8 23. Rd6 Re8 24. Rf3 Nxe5 25. Re3 Bb7 26. Bxe5 Bc6 27. Rg3 Rxe5 28. f6 g5 29. Rh3 Kh7 30. f7 Re6 31. Rxe6 dxe6 32. Re3 Rf8 33. Rxe6 Bd5 34. Rxb6 Rxf7 35. Rb5 Bc4 36. Rxa5 Rf1# {White checkmated} 0-1

[Event "Team 45 45 League 2006 Invitational"]
[Site "Internet Chess Club"]
[Date "2006.11.17"]
[Round "3"]
[White "Fegary"]
[Black "RingLord"]
[Result "1-0"]
[WhiteElo "1680"]
[BlackElo "1711"]
[TimeControl "2700+45"]

1. e4 c5 2. Nc3 Nc6 3. Nge2 Nf6 4. d4 cxd4 5. Nxd4 d6 6. Bg5 h6 7. Bxf6 exf6 8. Bb5 Bd7 9. O-O Qb6 10. Nd5 Qxd4 11. Bxc6 Qxd1 12. Bxd7+ Kxd7 13. Rfxd1 Rc8 14. Rac1 Ke6 15. c4 g6 16. Rd3 b5 17. Rdc3 bxc4 18. Rxc4 Rxc4 19. Rxc4 Bg7 20. Rc7 f5 21. Re7# {Black checkmated} 1-0

[Event "Team 45 45 League 2006 Invitational"]
[Site "Internet Chess Club"]
[Date "2006.11.17"]
[Round "3"]
[White "martineden"]
[Black "baumhauer"]
[Result "0-1"]
[WhiteElo "1938"]
[BlackElo "2041"]
[TimeControl "2700+45"]

1. d4 d5 2. c4 e6 3. Nc3 Nf6 4. Bg5 Be7 5. Nf3 O-O 6. e3 h6 7. Bh4 Nbd7 8. Rc1 c6 9. Bd3 Re8 10. cxd5 exd5 11. O-O Ne4 12. Bxe7 Qxe7 13. Re1 Qd6 14. Bb1 Qf6 15. Nxe4 dxe4 16. Nd2 Qg6 17. Qc2 f5 18. f3 Nf6 19. fxe4 fxe4 20. Nf3 Be6 21. Ne5 Qg5 22. Qf2 Rf8 23. Qe2 Rac8 24. Rc5 Bd5 25. b4 Rc7 26. Rec1 Rfc8 27. a4 b6 28. R5c3 c5 29. bxc5 bxc5 30. Ba2 Kh7 31. Bxd5 Nxd5 32. Rb3 cxd4 33. Rxc7 Rxc7 34. exd4 Rc1+ 35. Kf2 Qf4+ 36. Nf3 e3+ 37. Rxe3 Nxe3 38. Qxe3 Rc2+ {White resigns} 0-1

[Event "Team 45 45 League 2006 Invitational"]
[Site "Internet Chess Club"]
[Date "2006.11.17"]
[Round "3"]
[White "BraafPaard"]
[Black "Mutaant"]
[Result "1-0"]
[WhiteElo "1545"]
[BlackElo "1499"]
[TimeControl "2700+45"]

1. e4 e5 2. Nf3 Nc6 3. Bb5 Bc5 4. O-O Qf6 5. Nc3 Nge7 6. d3 h6 7. Re1 d6 8. Nd5 Nxd5 9. exd5 a6 10. Bxc6+ bxc6 11. dxc6 Bg4 12. d4 Bxd4 13. Qxd4 Bxf3 14. gxf3 Qxf3 15. Qe4 Qf6 16. Be3 O-O 17. b4 Qe6 18. c4 f5 19. Qd5 Qxd5 20. cxd5 f4 21. Bd2 Rab8 22. a4 Rf5 23. Rab1 Kf7 24. b5 axb5 25. axb5 Ke7 26. Ba5 Kd8 27. b6 cxb6 28. Rxb6 Rxb6 29. Bxb6+ Kc8 30. Ra1 Kb8 31. c7+ Kb7 32. Ra7+ Kxb6 33. c8=Q Kxa7 34. Qxf5 {Black resigns} 1-0

[Event "Team 45 45 League 2006 Invitational"]
[Site "Internet Chess Club"]
[Date "2006.11.17"]
[Round "3"]
[White "GrandPoobah069"]
[Black "Kingofknights"]
[Result "1/2-1/2"]
[WhiteElo "1700"]
[BlackElo "1677"]
[TimeControl "2700+45"]

1. e4 c6 2. d4 d5 3. exd5 cxd5 4. c4 Nf6 5. Nc3 e6 6. Nf3 dxc4 7. Bxc4 a6 8. O-O b5 9. Bd3 Bb7 10. Re1 Be7 11. Bg5 O-O 12. Ne4 Nxe4 13. Bxe7 Nxf2 14. Kxf2 Qxe7 15. Be4 Rd8 16. Qd3 Bxe4 17. Qxe4 Ra7 18. Rad1 Qd6 19. d5 exd5 20. Rxd5 Qb6+ 21. Kf1 g6 22. Rxd8+ Qxd8 23. Qe8+ Qxe8 24. Rxe8+ Kg7 25. Rxb8 Rc7 26. Nd4 Rd7 27. Nb3 Rd1+ 28. Ke2 Rb1 29. Ra8 Rxb2+ 30. Kf3 Rxa2 31. Nc5 a5 32. Rb8 b4 33. Rb5 Ra3+ 34. Kf2 Ra2+ 35. Kf3 Ra3+ 36. Kg4 Ra2 37. Kh3 Ra3+ 38. g3 h5 39. Nb7 a4 40. Rxb4 Rb3 41. Rxa4 Rxb7 42. Ra2 g5 43. Kg2 Rb5 44. h3 Kg6 45. Ra6+ f6 46. Ra4 Rb6 47. Kf3 f5 48. h4 g4+ 49. Kf4 Re6 50. Rb4 Kf6 51. Ra4 Re4+ {Game drawn by mutual agreement} 1/2-1/2

[Event "Team 45 45 League 2006 Invitational"]
[Site "Internet Chess Club"]
[Date "2006.11.18"]
[Round "3"]
[White "dougmo"]
[Black "Aziraphale"]
[Result "0-1"]
[WhiteElo "1530"]
[BlackElo "1484"]
[TimeControl "2700+45"]

1. e4 e6 2. d4 d5 3. e5 c5 4. c3 Nc6 5. Nf3 Nge7 6. Bd3 Nf5 7. g4 Nh4 8. Bf4 Ng2+ 9. Kf1 Nxf4 10. Bc2 h5 11. g5 Be7 12. g6 fxg6 13. Nbd2 b6 14. Qb1 Ba6+ 15. Kg1 Ne2+ 16. Kg2 Nf4+ 17. Kg1 cxd4 18. Bxg6+ Kd7 19. Nxd4 Nxd4 20. cxd4 Bb4 21. Nf1 Qg5+ {White resigns} 0-1

[Event "Team 45 45 League 2006 Invitational"]
[Site "Internet Chess Club"]
[Date "2006.11.18"]
[Round "3"]
[White "GadsHill"]
[Black "Sean"]
[Result "0-1"]
[WhiteElo "1532"]
[BlackElo "1588"]
[TimeControl "2700+45"]

1. d4 Nf6 2. c4 g6 3. Nc3 Bg7 4. e4 d6 5. Nf3 O-O 6. Be2 e5 7. d5 Na6 8. Bg5 h6 9. Bh4 Qd7 10. O-O Nh5 11. Bg3 f5 12. Nxe5 Bxe5 13. Bxe5 dxe5 14. Bxh5 gxh5 15. Qxh5 Qg7 16. Rad1 Rf6 17. Qe8+ Rf8 18. Qh5 Qg5 19. Qxg5+ hxg5 20. d6 Rd8 21. dxc7 Rxd1 22. Rxd1 Nxc7 23. Rd8+ Kf7 24. exf5 Ke7 25. Rg8 Bxf5 26. Rxg5 Ke6 27. h4 Kf6 28. g4 Bd3 29. b3 Rh8 30. f4 exf4 31. Rc5 Ne6 32. Nd5+ Kf7 33. Rb5 b6 34. Nb4 Be4 35. Re5 Nc5 36. h5 Kf6 {White resigns} 0-1

[Event "Team 45 45 League 2006 Invitational"]
[Site "Internet Chess Club"]
[Date "2006.11.18"]
[Round "3"]
[White "Boromir"]
[Black "Flying-Tiger"]
[Result "1/2-1/2"]
[WhiteElo "1968"]
[BlackElo "1859"]
[TimeControl "2700+45"]

1. e4 c5 2. Nf3 g6 3. c3 Bg7 4. d4 cxd4 5. cxd4 d5 6. e5 Bg4 7. h3 Bxf3 8. Qxf3 e6 9. Bb5+ Nc6 10. Bxc6+ bxc6 11. Qc3 Qb6 12. b3 Nh6 13. Ba3 Bf8 14. Bxf8 Kxf8 15. O-O Nf5 16. Rd1 Kg7 17. g4 Ne7 18. Nd2 Rhc8 19. Rdc1 Rc7 20. Rc2 Rac8 21. Rac1 c5 22. dxc5 Rxc5 23. Qd3 Rxc2 24. Rxc2 Rxc2 25. Qxc2 Qc6 26. Qb2 a5 27. Nf3 Qd7 28. Nd4 Qb7 29. Qc3 Qb8 30. a3 Kg8 31. f4 Qb6 32. Kg2 Qa6 33. Kf2 Kg7 34. Kg2 Qb6 35. Kg3 {Game drawn by mutual agreement} 1/2-1/2

[Event "Team 45 45 League 2006 Invitational"]
[Site "Internet Chess Club"]
[Date "2006.11.18"]
[Round "3"]
[White "katabatico"]
[Black "t-hobbes"]
[Result "1-0"]
[WhiteElo "1289"]
[BlackElo "1247"]
[TimeControl "2700+45"]

1. e4 e5 2. Nf3 Nf6 3. Nc3 Nc6 4. d4 Bd6 5. d5 Ne7 6. Bg5 Ng6 7. Bc4 h6 8. Bc1 O-O 9. h4 Qe7 10. Bxh6 gxh6 11. Qd2 Nf4 12. O-O-O c6 13. g3 cxd5 14. gxf4 exf4 15. Rdg1+ Kh8 16. exd5 Ne4 17. Qd4+ Nf6 18. Re1 Qd8 19. Re4 Kh7 20. Rxf4 Bxf4+ 21. Qxf4 Rg8 22. Ng5+ hxg5 23. hxg5+ Kg6 24. Rh6+ Kg7 25. gxf6+ Kf8 26. Qd6+ Ke8 27. Nb5 Rg1+ 28. Kd2 Qa5+ 29. c3 Qd8 30. Rh8+ Rg8 31. Rxg8# {Black checkmated} 1-0

[Event "Team 45 45 League 2006 Invitational"]
[Site "Internet Chess Club"]
[Date "2006.11.18"]
[Round "3"]
[White "f5"]
[Black "Guinness"]
[Result "0-1"]
[WhiteElo "2320"]
[BlackElo "2356"]
[TimeControl "2700+45"]

1. e4 e5 2. Nf3 d5 3. Nxe5 Bd6 4. d4 dxe4 5. Nc3 Nf6 6. Bg5 O-O 7. Bc4 Nbd7 8. Nxd7 Bxd7 9. Nd5 Be7 10. Nxe7+ Qxe7 11. Qd2 Rfe8 12. O-O-O b5 13. Be2 h6 14. Bh4 Qe6 15. Kb1 Nd5 16. Bg3 a5 17. c3 e3 18. fxe3 Nxe3 19. Rc1 c5 20. dxc5 Qf5+ 21. Ka1 Bc6 22. Bd6 Rad8 23. Bd3 Qg5 24. Rhe1 Nxg2 25. Qxg5 hxg5 26. Rg1 Nf4 27. Rcd1 Nxd3 28. Rxd3 Re2 29. Rdd1 f6 30. Bg3 Rdd2 31. Rxd2 Rxd2 32. a4 bxa4 33. Ka2 Kf7 34. Ka3 f5 35. Bc7 f4 36. Rxg5 f3 37. Bxa5 Rxh2 38. Bc7 Rh1 39. Bg3 Rg1 40. Rg4 Rxg3 {White resigns} 0-1

[Event "Team 45 45 League 2006 Invitational"]
[Site "Internet Chess Club"]
[Date "2006.11.19"]
[Round "3"]
[White "Theodulf"]
[Black "BrerRabbit"]
[Result "1-0"]
[WhiteElo "1742"]
[BlackElo "1558"]
[TimeControl "2700+45"]

1. e4 c5 2. c3 Nf6 3. e5 Nd5 4. Nf3 e6 5. a4 d6 6. Bb5+ Bd7 7. c4 a6 8. Bxd7+ Nxd7 9. cxd5 exd5 10. exd6 Bxd6 11. Qe2+ Be7 12. O-O O-O 13. d4 cxd4 14. Nxd4 Bc5 15. Be3 Re8 16. Qd2 Qh4 17. Nc3 Rac8 18. Nf5 Bxe3 19. fxe3 Qb4 20. Qxd5 Nf6 21. Qd6 Qxb2 22. Ne7+ {Black resigns} 1-0

[Event "Team 45 45 League 2006 Invitational"]
[Site "Internet Chess Club"]
[Date "2006.11.19"]
[Round "3"]
[White "Invicta-Knight"]
[Black "charles-allen"]
[Result "0-1"]
[WhiteElo "1527"]
[BlackElo "1676"]
[TimeControl "2700+45"]

1. e4 d5 2. d4 dxe4 3. Nc3 Nf6 4. f3 exf3 5. Qxf3 Qxd4 6. Be3 Qg4 7. Qf2 e5 8. Bd3 Bb4 9. Ne2 e4 10. Bc4 Be6 11. h3 Qf5 12. Qxf5 Bxf5 13. O-O Bg6 14. a3 Bxc3 15. Nxc3 a6 16. Rxf6 gxf6 17. Nd5 O-O 18. Nxf6+ Kg7 19. Bd4 Nc6 20. Ne8+ Kg8 21. Nf6+ Kh8 22. Bc3 Rfd8 23. Nxe4+ Kg8 24. Nf6+ Kf8 25. Bb3 Nd4 26. Bb4+ Kg7 27. Ng4 Nxb3 28. cxb3 Rac8 29. Bc3+ Kf8 30. Rc1 c5 31. b4 h5 32. Ne5 cxb4 33. Bxb4+ Kg8 34. Rf1 Rc2 35. Bc3 Be4 36. Rxf7 Rd1+ {White resigns} 0-1

[Event "Team 45 45 League 2006 Invitational"]
[Site "Internet Chess Club"]
[Date "2006.11.19"]
[Round "3"]
[White "Fineas-Fogg"]
[Black "alaskauk"]
[Result "0-1"]
[WhiteElo "1420"]
[BlackElo "1543"]
[TimeControl "2700+45"]

1. e4 e6 2. d3 d5 3. Nd2 dxe4 4. dxe4 b6 5. Ngf3 Bc5 6. g3 Nf6 7. Bg2 Ba6 8. c4 Bb7 9. Qc2 O-O 10. O-O Re8 11. e5 Nfd7 12. Nb3 Be7 13. Re1 c5 14. h4 Qc7 15. Bf4 Bxf3 16. Bxf3 Nc6 17. a3 Rac8 18. Qe4 Nd4 19. Nxd4 cxd4 20. Qxd4 Red8 21. Rac1 Nc5 22. Qe3 Nd3 23. Red1 Nxc1 24. Rxd8+ Bxd8 25. Qxc1 Qxc4 26. Qxc4 Rxc4 27. Kg2 Rc2 28. b4 Ra2 29. Bc1 Rc2 30. Be3 Rc3 31. a4 Be7 32. b5 Bc5 33. Bd2 Ra3 34. Bd1 Rd3 {White resigns} 0-1

[Event "Team 45 45 League 2006 Invitational"]
[Site "Internet Chess Club"]
[Date "2006.11.19"]
[Round "3"]
[White "Sean"]
[Black "pokerram"]
[Result "0-1"]
[WhiteElo "1577"]
[BlackElo "1700"]
[TimeControl "2700+45"]

1. c4 Nf6 2. g3 g6 3. Bg2 c5 4. Nc3 Bg7 5. Nf3 Nc6 6. d3 O-O 7. O-O d5 8. cxd5 Nxd5 9. Bd2 Nf6 10. a3 e5 11. Qc2 Nd4 12. Nxd4 exd4 13. Ne4 Nxe4 14. Bxe4 Qe7 15. b4 Bh3 16. Rfe1 Rfc8 17. bxc5 Rxc5 18. Bb4 Qxe4 19. dxe4 Rxc2 20. Rab1 b6 21. Rb3 Be6 22. Rbb1 Rac8 23. Kf1 Bh3+ 24. Kg1 Bh6 25. Rbd1 Rc1 26. Rxc1 Rxc1 27. Rxc1 Bxc1 28. f3 Be3+ 29. Kh1 Bf1 30. Bd6 Bxe2 31. Kg2 d3 {White resigns} 0-1

[Event "Team 45 45 League 2006 Invitational"]
[Site "Internet Chess Club"]
[Date "2006.11.19"]
[Round "3"]
[White "Avedldesierto"]
[Black "crankn8tr"]
[Result "0-1"]
[WhiteElo "1694"]
[BlackElo "1623"]
[TimeControl "2700+45"]

1. e4 d5 2. exd5 Qxd5 3. Nc3 Qa5 4. d3 Nf6 5. Bd2 c6 6. h3 Bf5 7. Be2 Nbd7 8. Nf3 O-O-O 9. Ng5 Bg6 10. h4 h6 11. Nf3 e6 12. Ne4 Qc7 13. Nc3 Bb4 14. a3 Be7 15. Be3 Nb6 16. g3 Nfd5 17. Nxd5 exd5 18. Bf4 Bd6 19. Be3 Rhe8 20. Qd2 Kb8 21. O-O-O Nd7 22. Nd4 c5 23. Nb5 Qb6 24. Nxd6 Qxd6 25. Bf4 Ne5 26. d4 cxd4 27. Qxd4 Ka8 28. Rhe1 f6 29. Bb5 Re7 30. Re3 Rc8 31. c3 Rc5 32. Bd3 Bxd3 33. Bxe5 fxe5 34. Qxd3 e4 35. Re2 exd3 36. Red2 Re2 37. Rxd3 Rxf2 38. Re3 Rc8 {White resigns} 0-1

[Event "Team 45 45 League 2006 Invitational"]
[Site "Internet Chess Club"]
[Date "2006.11.19"]
[Round "3"]
[White "grandpa06"]
[Black "jharris8000"]
[Result "0-1"]
[WhiteElo "1399"]
[BlackElo "1490"]
[TimeControl "2700+45"]

1. e4 e6 2. Nf3 d5 3. e5 c5 4. d4 Nc6 5. c3 Bd7 6. Be2 cxd4 7. cxd4 Nge7 8. Bg5 Qb6 9. b3 Nf5 10. Be3 Bb4+ 11. Nbd2 Ncxd4 12. Nxd4 Nxe3 13. fxe3 Bc3 14. O-O Bxa1 15. Qxa1 Rc8 16. Rc1 O-O 17. N2f3 Rc5 18. Rxc5 Qxc5 19. Qb1 Rc8 20. Bd3 g6 21. Bc2 Qc3 22. Kf2 a6 23. Qd1 Bb5 24. a4 Bd7 25. h4 Kg7 26. g4 Rf8 27. g5 Rc8 28. Ne1 b5 29. axb5 axb5 30. Nef3 Ra8 31. Qd2 Qa1 32. Qb4 Qa2 33. Qe7 Ra7 34. Qf6+ Kg8 35. h5 gxh5 36. g6 hxg6 37. Ng5 Be8 38. Qd8 Ra8 39. Qf6 Rc8 40. Kg3 Qa6 41. Ngxe6 fxe6 42. Nxe6 Qa7 43. Qf8+ Kh7 44. Bxg6+ Kxg6 45. Nf4+ Kh7 46. Qf5+ Kg8 47. Kf3 Qd7 48. e6 Qg7 49. Qxd5 Bc6 50. e7+ Bxd5+ 51. Nxd5 {White resigns} 0-1

[Event "Team 45 45 League 2006 Invitational"]
[Site "Internet Chess Club"]
[Date "2006.11.19"]
[Round "3"]
[White "gilalva"]
[Black "WilmaP"]
[Result "1/2-1/2"]
[WhiteElo "1235"]
[BlackElo "1128"]
[TimeControl "2700+45"]

1. e4 c5 2. e5 e6 3. f4 d6 4. Nf3 a6 5. d4 cxd4 6. Qxd4 Nc6 7. Qd1 d5 8. Be2 Bc5 9. Nc3 b5 10. Bf1 Bb4 11. Bd2 d4 12. Ne4 a5 13. Bxb4 axb4 14. Bxb5 Bd7 15. Nd6+ Kf8 16. Bxc6 Bxc6 17. Qxd4 Qa5 18. O-O Ne7 19. c4 Rd8 20. a3 Nf5 21. Qd2 f6 22. Qxb4 Qa7+ 23. c5 Ne3 24. Rf2 Bxf3 25. gxf3 Nd5 26. Qb7 Qxb7 27. Nxb7 Rb8 28. c6 Nxf4 29. Rd2 Kf7 30. Rd7+ Kg6 31. Nd6 Nd5 32. Rb1 fxe5 33. c7 Nxc7 34. Rxc7 Rhf8 35. Kf2 Rb3 36. Rg1+ Kh6 37. Nf7+ Kh5 38. Nxe5 Rxb2+ 39. Kg3 Kh6 40. Ng4+ Kg5 41. Rxg7+ Kf5 42. Nh6+ Ke5 43. Kg4 Rf4+ 44. Kh5 Rxh2+ 45. Kg5 Rfh4 46. Nf7+ Kd5 47. Rd1+ Kc5 48. Kf6 Rf4+ 49. Kxe6 Re2+ 50. Kd7 h5 51. Rg5+ Kb6 52. Rd6+ Ka7 53. Ne5 h4 54. Ng6 Rxf3 55. Nxh4 Rxa3 56. Rg7 Re4 57. Kd8+ Ka8 58. Ng6 Rb4 59. Rdd7 Rb8+ 60. Ke7 Re3+ 61. Kf6 Rb6+ 62. Kf7 Rf3+ 63. Kg8 Rb8+ 64. Nf8 Rbxf8+ 65. Kh7 Rh3+ 66. Kg6 Rg3+ 67. Kh7 Rh3+ 68. Kg6 Rg3+ 69. Kh7 Rh3+ 70. Kg6 Rg3+ 71. Kh7 Rh3+ {Game drawn by repetition} 1/2-1/2

[Event "Team 45 45 League 2006 Invitational"]
[Site "Internet Chess Club"]
[Date "2006.11.19"]
[Round "3"]
[White "upturnedcircle"]
[Black "qs16"]
[Result "1-0"]
[WhiteElo "1993"]
[BlackElo "1760"]
[TimeControl "2700+45"]

1. d4 Nf6 2. c4 e6 3. Nf3 b6 4. a3 Bb7 5. Nc3 Be7 6. d5 O-O 7. e4 exd5 8. cxd5 d6 9. Bc4 c6 10. O-O cxd5 11. exd5 a6 12. h3 Nbd7 13. Bf4 b5 14. Ba2 Nb6 15. Rc1 Rc8 16. Qd3 Nh5 17. Bb1 g6 18. Bh6 Re8 19. Rfd1 Rxc3 20. Rxc3 Nxd5 21. Rcc1 Bf6 22. Ba2 Ndf4 23. Bxf4 Nxf4 24. Qb3 Re7 25. Kh1 Qa8 26. Rxd6 Nxh3 27. Rxf6 Nxf2+ 28. Kg1 Qa7 29. Rxf7 Ng4+ 30. Kh1 Nf2+ 31. Kh2 Ng4+ 32. Kg3 Qf2+ 33. Kh3 Re3 34. Rxb7+ Rxb3 35. Rc8# {Black checkmated} 1-0

[Event "Team 45 45 League 2006 Invitational"]
[Site "Internet Chess Club"]
[Date "2006.11.19"]
[Round "3"]
[White "SpikeyJ"]
[Black "azbycx"]
[Result "1-0"]
[WhiteElo "1963"]
[BlackElo "1955"]
[TimeControl "2700+45"]

1. c4 e5 2. Nc3 Nf6 3. Nf3 Nc6 4. e3 Bb4 5. Qc2 O-O 6. Nd5 Bc5 7. Qf5 d6 8. Nxf6+ Qxf6 9. Qxf6 gxf6 10. a3 e4 11. d4 Bb6 12. Nd2 Bf5 13. b4 a6 14. Be2 Rad8 15. g4 Bg6 16. h4 h6 17. Bb2 Rfe8 18. O-O-O Ba7 19. Rhg1 Kf8 20. Rdf1 Rd7 21. g5 hxg5 22. hxg5 f5 23. Rh1 Ke7 24. b5 Nb8 25. d5 Kd8 26. a4 Kc8 27. Rh6 Rg8 28. Rfh1 Rdd8 29. Bf6 Rde8 30. Bh5 Nd7 31. Kd1 Nc5 32. Bxg6 fxg6 33. bxa6 Nxa6 34. Ke2 Nc5 35. Bd4 Kb8 36. Rh7 Rc8 37. a5 Nd3 38. Bf6 Bc5 39. f3 Rce8 40. fxe4 fxe4 41. Be7 Ne5 42. Nxe4 Nxc4 43. Nf6 Nxe3 44. Rf7 Nf5 45. Nxg8 Ng3+ 46. Kf3 Nxh1 47. Nf6 Bd4 48. Nxe8 {Black resigns} 1-0

[Event "Team 45 45 League 2006 Invitational"]
[Site "Internet Chess Club"]
[Date "2006.11.19"]
[Round "3"]
[White "Budzo"]
[Black "kingfischer57"]
[Result "1/2-1/2"]
[WhiteElo "1762"]
[BlackElo "1782"]
[TimeControl "2700+45"]

1. Nf3 d5 2. d4 Nf6 3. c4 c6 4. Nc3 g6 5. cxd5 cxd5 6. Bg5 Bg7 7. Qb3 e6 8. e3 O-O 9. Bd3 Nc6 10. O-O b6 11. Ne5 Bb7 12. Bb5 Rc8 13. Qa4 Qc7 14. Nxc6 Bxc6 15. Bxc6 Qxc6 16. Qxa7 Ra8 17. Qe7 Rfe8 18. Qb4 Ra5 19. Rfc1 Rc8 20. a3 Ne4 21. Ne2 Qb7 22. Rxc8+ Qxc8 23. Rc1 Qb7 24. Bf4 Ra8 25. Ng3 Bf8 26. Qb5 Nd6 27. Bxd6 Bxd6 28. Rc6 Bc7 29. Rc1 Bd8 30. Ne2 Rc8 31. Rxc8 Qxc8 32. Qd3 Kg7 33. Qc3 Qa6 34. Nf4 b5 35. b4 Qb7 36. Nd3 Bf6 37. Ne5 Bxe5 38. dxe5 Qa7 39. f4 Qa6 40. Kf2 Qa7 41. Ke2 h5 42. g3 Qa4 43. Kd2 Qa7 44. Kc2 Qa4+ 45. Qb3 Qa6 46. Kb2 Qc6 47. Qc3 Qb6 48. Qc5 Qa6 49. Qd6 Qa4 50. Qc6 Kf8 51. Qc5+ Kg7 {Game drawn by mutual agreement} 1/2-1/2

[Event "Team 45 45 League 2006 Invitational"]
[Site "Internet Chess Club"]
[Date "2006.11.19"]
[Round "3"]
[White "jocooper"]
[Black "furrbrain"]
[Result "0-1"]
[WhiteElo "1108"]
[BlackElo "1279"]
[TimeControl "2700+45"]

1. d4 e6 2. Nf3 d5 3. e3 Nf6 4. Nbd2 c5 5. c3 Qb6 6. Bd3 Nc6 7. O-O Be7 8. Re1 O-O 9. e4 c4 10. Bc2 Bd7 11. Rb1 Qc7 12. e5 Ne4 13. Nxe4 dxe4 14. Bxe4 b5 15. Bc2 a6 16. Re4 Rad8 17. Rg4 g6 18. Bh6 Rfe8 19. Ng5 Bf8 20. Bxf8 Rxf8 21. Qf3 Be8 22. Qh3 h5 23. Rf4 Ne7 24. Re1 Nf5 25. Bxf5 exf5 26. e6 Qxf4 27. e7 Qxg5 28. exf8=Q+ Kxf8 29. Rd1 Bc6 30. g3 Qg4 31. Qf1 Bf3 32. Rd2 f4 33. h3 Qg5 34. Kh2 fxg3+ 35. fxg3 Qxd2+ 36. Kg1 Qe3+ 37. Qf2 Qxf2+ 38. Kxf2 Ba8 39. Ke3 Re8+ 40. Kf4 Kg7 41. h4 f5 42. b4 Re4+ 43. Kg5 Rg4# {White checkmated} 0-1

[Event "Team 45 45 League 2006 Invitational"]
[Site "Internet Chess Club"]
[Date "2006.11.19"]
[Round "3"]
[White "Conjurer"]
[Black "wekabird"]
[Result "1-0"]
[WhiteElo "1295"]
[BlackElo "1179"]
[TimeControl "2700+45"]

1. e4 c6 2. d4 d5 3. e5 Bf5 4. Bd3 Bxd3 5. Qxd3 e6 6. Nc3 Ne7 7. Bg5 Qc7 8. Nf3 h6 9. Bf4 Ng6 10. Qe3 Be7 11. O-O O-O 12. Ne2 Nd7 13. Ng3 c5 14. Rfe1 cxd4 15. Nxd4 a6 16. c3 Nxf4 17. Qxf4 Bg5 18. Qg4 Nc5 19. Nf3 Nd3 20. Re2 Nf4 21. Rc2 Qb6 22. Nxg5 hxg5 23. Qxg5 Nd3 24. Nh5 g6 25. Nf6+ {Black resigns} 1-0

[Event "Team 45 45 League 2006 Invitational"]
[Site "Internet Chess Club"]
[Date "2006.11.19"]
[Round "3"]
[White "jazzpiano"]
[Black "mickeys"]
[Result "0-1"]
[WhiteElo "1689"]
[BlackElo "1692"]
[TimeControl "2700+45"]

1. e4 e6 2. Nf3 d5 3. e5 c5 4. b4 Nc6 5. bxc5 Qa5 6. c3 Bxc5 7. d4 Bf8 8. Bd3 Nge7 9. O-O Ng6 10. Bd2 Qc7 11. Qc2 Na5 12. Bb5+ Bd7 13. Qa4 Nc4 14. Bxd7+ Qxd7 15. Qxd7+ Kxd7 16. Bc1 Be7 17. Nbd2 Na3 18. Bxa3 Bxa3 19. Rab1 b6 20. Rb3 Be7 21. Rfb1 Rhc8 22. a4 Bd8 23. g3 h6 24. Rb4 Rxc3 25. R4b3 Rac8 26. Rxc3 Rxc3 27. Ra1 Ne7 28. Kg2 Nc6 29. h4 Be7 30. h5 Rd3 31. g4 Bb4 32. Ra2 Nxd4 33. Nxd4 Rxd4 34. Nf3 Rxg4+ 35. Kh3 Rc4 36. Ra1 Rc3 37. Kg2 Ra3 38. Rg1 Rxa4 39. Kh1 Bf8 {White resigns} 0-1